 Dungeon Crawl Stone Soup version 0.28.0-1-gb440e238dd (webtiles) character file.

Game seed: 17974704199934310257

31 themarg the Conjurer (level 3, -1/19 HPs)
             Began as a Tengu Conjurer on Feb 21, 2022.
             Slain by a worm (6 damage)
             ... on level 2 of the Dungeon.
             The game lasted 00:02:35 (1238 turns).

themarg the Conjurer (Tengu Conjurer)               Turns: 1238, Time: 00:02:36

Health: -1/19      AC:  2    Str:  7    XL:     3   Next: 22%
Magic:  7/7        EV: 12    Int: 20    God:
Gold:   35         SH:  0    Dex: 12    Spells: 3/6 levels left

rFire   . . .      SeeInvis .   b - +0 dagger
rCold   . . .      Faith    .   (no shield)
rNeg    . . .      Spirit   .   a - +0 robe
rPois   .          Reflect  .   (helmet restricted)
rElec   .          Harm     .   (no cloak)
rCorr   .          Rampage  .   (no gloves)
Will    .....                   (boots unavailable)
Stlth   ++........              (no amulet)
HPRegen 0.06/turn               (no ring)
MPRegen 0.10/turn               (no ring)

@: no status effects
A: beak, talons 3
a: no special abilities


You were on level 2 of the Dungeon.
You visited 1 branch of the dungeon, and saw 2 of its levels.

You collected 35 gold pieces.

Inventory:

Hand Weapons
 b - a +0 dagger (weapon)
Missiles
 e - 41 stones
Armour
 a - a +0 robe (worn)
Scrolls
 c - a scroll of identify {unknown}
 d - a scroll of teleportation {unknown}


   Skills:
 + Level 2.3 Dodging
 + Level 2.1 Stealth
 + Level 2.2 Spellcasting
 + Level 6.2 Conjurations


You had 3 spell levels left.
You knew the following spells:

 Your Spells              Type           Power      Damage    Failure   Level
a - Magic Dart            Conj           100%       1d8       1%          1
b - Searing Ray           Conj           54%        2d6       1%          2

Your spell library contained the following spells:

 Spells                   Type           Power      Damage    Failure   Level
 Dazzling Flash           Conj/Hex       28%        N/A       13%         3
 Fulminant Prism          Conj/Hex       7%         3d7       38%         4
 Iskenderun's Mystic Bla  Conj/Tloc      14%        2d5       38%         4


Dungeon Overview and Level Annotations

Branches:
Dungeon (2/15)

Altars:


Innate Abilities, Weirdness & Mutations

You have a beak for a mouth.
You have claws for feet.


Message History

Press: ? - help, Shift-Dir - straight line, f/p - goblin
Aim: a goblin, wielding a +0 club (severely wounded, 100% to hit)
The magic dart hits the goblin.
You kill the goblin!
A worm comes into view.
The bat closely misses you.
You closely miss the bat. Your kick misses the bat. The bat barely misses you.
The bat hits you but does no damage.
An adder comes into view.
You closely miss the bat. The bat closely misses you.
There is a stone staircase leading up here.
The bat hits you but does no damage. The bat barely misses you.
You climb upwards.
There is a stone staircase leading down here.
You barely miss the bat. Your kick misses the bat. The bat barely misses you.
You barely miss the bat. The bat hits you.
You miss the bat. You claw the bat.
You kill the bat!
You start resting.
HP restored.
There is a stone staircase leading down here.
You start resting.
Magic restored.
You climb downwards.
The adder barely misses you. The adder closely misses you. The worm bites you!
Ouch! That really hurt!
There is a stone staircase leading up, spattered with blood here.
You hit the worm. You claw the worm.
The worm is moderately wounded.
The adder bites you. The adder bites you but does no damage.
The worm closely misses you.
You hit the worm. Your kick misses the worm.
The worm is moderately wounded.
The adder misses you.
You completely miss the worm. Your kick misses the worm.
The worm is moderately wounded.
The adder bites you.
* * * LOW HITPOINT WARNING * * *
The worm bites you.
You die...

. . #. ..
.##. ... #().
..##..# ....#
.######..#
.........# ##
######S##...#
#@w..#
#.##...# #..
.... .... ...
###.. .. .##
. .# #


You could see a worm and an adder.

Vanquished Creatures
  4 endoplasms (D:1)
  A giant cockroach (D:1)
  3 hobgoblins
  2 quokkas (D:1)
  3 ball pythons (D:1)
  5 bats (D:1)
  A frilled lizard (D:1)
  5 goblins
  2 kobolds (D:1)
  A rat (D:1)
27 creatures vanquished.

Notes
Turn   | Place    | Note
-------+----------+-------------------------------------------
     0 | D:1      | themarg the Tengu Conjurer began the quest for the Orb.
     0 | D:1      | Reached XP level 1. HP: 10/10 MP: 4/4
   228 | D:1      | Reached XP level 2. HP: 15/15 MP: 6/6
   396 | D:1      | Learned a level 2 spell: Searing Ray
   461 | D:1      | Reached skill level 6 in Conjurations
   917 | D:1      | Reached XP level 3. HP: 19/19 MP: 4/7
  1238 | D:2      | Slain by a worm

Illustrated notes

Levels and vault maps discovered:
D:1:      saegor_arrival_simple_e, layout_loops_ring
D:2:      layout_loops_ring, nrook_loot_triangle, minmay_pentomino_pile,
          uniq_natasha

Skill      XL: |  1  2 |
---------------+-------+-----
Conjurations   | 6 |  6.2
Dodging        | |  2.3
Stealth        | |  2.1
Spellcasting   | |  2.2

Action                   || total
-------------------------++-------
Melee: Dagger            ||    15
       Kick              ||     5
 Cast: Magic Dart        ||    37
Armor: Robe              ||     3
Dodge: Dodged            ||    11
